 Dungeon Crawl Stone Soup version 0.14.2 (webtiles) character file.

156 flautines the Covered (level 4, -1/35 HPs)
             Began as a Human Fighter on Jan 22, 2016.
             Was an Initiate of Okawaru.
             Succumbed to a kobold's poison
             ... on Level 1 of the Dungeon.
             The game lasted 00:11:37 (1419 turns).

flautines the Covered (Human Fighter)               Turns: 1419, Time: 00:11:37

HP  -1/35        AC 10     Str 16      XL: 4   Next:  5%
MP   4/4         EV  6     Int  8      God: Okawaru [......]
Gold 105         SH 18     Dex 14      Spells:  0 memorised,  3 levels left

rFire  . . .     SeeInvis .     g - +0 mace
rCold  . . .     Clarity  .     b - +0 scale mail
rNeg   . . .     Conserve .     c - +0 shield
rPois  .         rCorr    .     (no helmet)
rElec  .         rRot     .     (no cloak)
SustAb . .       Spirit   .     j - +2 pair of gloves
rMut   .         Warding  .     (no boots)
Saprov . . .     Stasis   .     (no amulet)
MR     .....                    (no ring)
                                (no ring)

@: lethally poisoned, not resistant to hostile enchantments, extremely
unstealthy
A: no striking features
a: Renounce Religion


You were on level 1 of the Dungeon.
You worshipped Okawaru.
Okawaru was noncommittal.
You were hungry.

You visited 1 branch of the dungeon, and saw 2 of its levels.

You collected 105 gold pieces.

Inventory:

Hand weapons
 a - a +0,+0 long sword
 g - a +0,+0 mace (weapon)
 p - a +0,+0 sling
Missiles
 h - 26 darts (quivered)
 o - 23 stones
Armour
 b - a +0 scale mail (worn)
 c - a +0 shield (worn)
 j - a +2 pair of gloves (worn)
 l - a cursed +0 ring mail
Comestibles
 d - a bread ration
Scrolls
 f - a scroll of remove curse {unknown}
 n - 3 scrolls of identify {unknown}
Jewellery
 q - an uncursed ring of protection from cold {unknown}
Potions
 e - a potion of might
 k - 2 potions of curing {unknown}
 m - a potion of restore abilities {unknown}


   Skills:
 + Level 3.2 Fighting
 + Level 2.0 Long Blades
 + Level 3.6 Armour
 + Level 1.4 Dodging
 + Level 3.5 Shields


You had 3 spell levels left.
You didn't know any spells.

Dungeon Overview and Level Annotations

Branches:
Dungeon (2/15)

Altars:
Okawaru


Message History

You feel sick.
* * * LOW HITPOINT WARNING * * *
You feel sick.
There is a stone staircase leading up here.
The kobold hits you but does no damage.
You are more poisoned.
You climb upwards.
The hobgoblin shouts!
* * * LOW HITPOINT WARNING * * *
You feel sick.
There is a stone staircase leading down here.
* * * LOW HITPOINT WARNING * * *
You feel sick. You block the kobold's attack.
The hobgoblin hits you but does no damage.
* * * LOW HITPOINT WARNING * * *
You feel sick.
The kobold hits you with a dagger of venom.
* * * LOW HITPOINT WARNING * * *
You are more poisoned.
You die...

#....# #.........#.# #......
######....# #.........#.# #...###
..........# #...........###...# #
.#####....# #.........#.......# #
.# #....# #.........#.......###
.# #....# #....................
.# #....###..............######
.# ##+#.........g..............
.######.#.......@#K##.#.....#####
.................................
#######.#........#.##.#####.#####
#.#........#.##.#.....# #
#.##########.##.......### # #.#
#.##...##....# #
##'##########.##....+....#
#.............###..##....###
#.............# #..####.....


You could see a hobgoblin.

Vanquished Creatures
  An adder (D:2)
  2 giant geckos
  2 oozes (D:1)
  A ball python (D:2)
  7 hobgoblins
  3 jackals (D:1)
  A quokka (D:2)
  3 bats (D:1)
  A giant cockroach (D:1)
  6 goblins
  2 kobolds
  5 rats
34 creatures vanquished.

Notes
Turn   | Place    | Note
--------------------------------------------------------------
     0 | D:1      | flautines, the Human Fighter, began the quest for the Orb.
     0 | D:1      | Reached XP level 1. HP: 18/18 MP: 1/1
    69 | D:1      | Found an iron altar of Okawaru.
    85 | D:1      | Became a worshipper of Warmaster Okawaru
   182 | D:1      | Reached XP level 2. HP: 21/24 MP: 2/2
   488 | D:1      | Reached XP level 3. HP: 27/29 MP: 3/3
   808 | D:1      | Reached skill level 1 in Dodging
  1311 | D:2      | Reached XP level 4. HP: 35/35 MP: 4/4
  1418 | D:1      | HP: 1/35 [kobold/dagger of venom (1)]
  1419 | D:1      | Succumbed to a kobold's poison

Action                   |  1- 3 |  4- 6 || total
-------------------------+-------+-------++-------
Melee: Long sword        |    21 |       ||    21
       Mace              |   158 |    18 ||   176
Throw: Dart              |     1 |     1 ||     2
  Use: Scroll            |     2 |       ||     2
